 Dungeon Crawl Stone Soup version 0.30-a0-918-g0ff054e9dc (webtiles) character file.

Game seed: 18231423193190989430

136 Demosthentine the Ducker (level 4, -3/35 HPs)
             Began as a Demonspawn Gladiator on Mar 20, 2023.
             Killed from afar by a white imp (7 damage)
             ... with a puff of frost
             ... on level 3 of the Dungeon.
             The game lasted 00:04:13 (2367 turns).

Demosthentine the Ducker (Demonspawn Gladiator)     Turns: 2367, Time: 00:04:14

Health: -3/35      AC:  5    Str: 17    XL:     4   Next: 98%
Magic:  4/4        EV: 12    Int:  9    God:
Gold:   76         SH:  4    Dex: 14    Spells: 3/3 levels left

rFire   . . .      SeeInvis .    a - +0 trident
rCold   . . .      Faith    .    (no shield)
rNeg    . . .      Spirit   .    b - +0 leather armour
rPois   .          Reflect  .    c - +1 helmet
rElec   .          Rampage  .    (no cloak)
rCorr   .                        (no gloves)
Will    .....                    (no boots)
Stlth   +                        (no amulet)
HPRegen 0.25/turn                (no ring)
MPRegen 0.09/turn                (no ring)

@: no status effects
A: large bone plates 1, powered by pain 1, weakness stinger 1
a: no special abilities


You were on level 3 of the Dungeon.
You visited 1 branch of the dungeon, and saw 3 of its levels.

You collected 76 gold pieces.

Inventory:

Hand Weapons
 a - a +0 trident (weapon)
Missiles
 d - 3 throwing nets (quivered)
 e - a javelin
Armour
 b - a +0 leather armour (worn)
 c - a +1 helmet (worn)
Jewellery
 f - a ring of resist corrosion
Potions
 h - a potion of magic
 i - 2 potions of curing
 k - a potion of degeneration {unknown}


   Skills:
 + Level 3.0 Fighting
 + Level 3.4 Polearms
 - Level 1.7 Throwing
 + Level 1.9 Armour
 + Level 3.4 Dodging


You had 3 spell levels left.
You didn't know any spells.
Your spell library contained the following spells:

 Spells                   Type           Power      Damage    Failure   Level
 Freeze                   Ice            0%         1d3       43%         1
 Frozen Ramparts          Ice            0%         1d1       82%         3
 Hailstorm                Conj/Ice       0%         3d3       82%         3


Dungeon Overview and Level Annotations

Branches:
Dungeon (3/15)

Altars:


Innate Abilities, Weirdness & Mutations

You are partially covered in large bone plates. (SH +4)
You sometimes gain a little power by taking damage.
You have a small tail.


Message History

The giant cockroach barely misses you.
You hit the white imp.
Your tail-slap misses the white imp.
The white imp is heavily wounded.
The white imp closely misses you. You block the giant cockroach's attack.
The white imp gestures at you. The puff of frost hits you.
You barely miss the white imp.
The white imp is heavily wounded.
The giant cockroach bites you but does no damage.
You block the white imp's attack. The giant cockroach barely misses you.
You hit the giant cockroach.
The giant cockroach is moderately wounded.
The giant cockroach bites you but does no damage.
The white imp summons a swarm of flies.
The white imp hits you but does no damage.
You hit the giant cockroach.
The giant cockroach is almost dead.
The giant cockroach bites you but does no damage.
The white imp hits you. The white imp freezes you.
You completely miss the giant cockroach.
The giant cockroach is almost dead.
The giant cockroach closely misses you.
The white imp hits you but does no damage.
You block the giant cockroach's attack.
You puncture the giant cockroach!
You kill the giant cockroach!
The white imp hits you but does no damage.
The white imp attacks as you move away! The white imp barely misses you.
You see here a giant cockroach corpse.
You closely miss the white imp.
The white imp is heavily wounded.
The white imp gestures at you. The puff of frost hits you!
* * * LOW HITPOINT WARNING * * *
You hit the white imp but do no damage.
The white imp is heavily wounded.
The white imp shouts, "Away with thee, thou paunchy kobold-kissing pignut!"
The white imp gestures at you. The puff of frost hits you!
You die...

########
.......#####
#..rr5@.# #.
##..###.# 5.#
##..##.#.. ...
#.#r....r #.#
##5..#.#.. #.#
##...#..#.#
#..###.).#.#.#
# #..5##.#.#.#
##<###.... #


You could see a river rat, a white imp and a rat.

Vanquished Creatures
  Jessica (D:2)
  A river rat (D:3)
  3 adders (D:2)
  3 worms (D:2)
  3 dart slugs
  An orc (D:3)
  7 bats
  5 endoplasms
  4 giant cockroaches
  2 hobgoblins (D:1)
  4 jackals (D:2)
  2 quokkas (D:1)
  3 ball pythons (D:1)
  2 frilled lizards
  5 goblins (D:1)
  8 kobolds
  4 rats
58 creatures vanquished.

Vanquished Creatures (others)
  A ball python (D:3)
  3 plants (D:1)
4 creatures vanquished.

Grand Total: 62 creatures vanquished

Notes
Turn   | Place    | Note
-------+----------+-------------------------------------------
     0 | D:1      | Demosthentine the Demonspawn Gladiator began the quest for
                  | the Orb.
     0 | D:1      | Reached XP level 1. HP: 16/16 MP: 1/1
   145 | D:1      | Gained mutation: You sometimes gain a little power by
                  | taking damage. [demonic ancestry]
   145 | D:1      | Reached XP level 2. HP: 22/22 MP: 2/2
   486 | D:1      | Reached skill level 1 in Armour
   880 | D:1      | Gained mutation: You are partially covered in large bone
                  | plates. (SH +4) [demonic ancestry]
   880 | D:1      | Reached XP level 3. HP: 27/28 MP: 3/3
  1871 | D:2      | Gained mutation: You have a small tail. [demonic ancestry]
  1871 | D:2      | Reached XP level 4. HP: 33/34 MP: 4/4
  2018 | D:2      | Noticed Jessica
  2028 | D:2      | Killed Jessica
  2367 | D:3      | Killed from afar by a white imp

Illustrated notes

Levels and vault maps discovered:
D:1:      mushboom_english_gardens, layout_basic, chequers_big_river,
          minmay_close_crescents
D:2:      layout_basic, minmay_cut_off, uniq_jessica
D:3:      layout_loops_ring, portal_sewer_entry_b, corexii_hall_statues_x,
          serial_park_tiny_1

Skill      XL: |  1  2  3  4 |
---------------+-------------+-----
Polearms       | 3 |  3.4
Armour         | 1 |  1.9
Dodging        | 3 |  3.4
Fighting       | 3 |  3.0
Throwing       | |  1.7

Action                     |  1- 3 |  4- 6 || total
---------------------------+-------+-------++-------
  Melee: Trident           |   159 |    60 ||   219
         Punch             |     1 |     1 ||     2
         Tailslap          |       |     3 ||     3
    Use: Scroll            |     4 |     3 ||     7
         Potion            |       |     1 ||     1
   Stab: Sleeping          |     1 |       ||     1
 Armour: Leather armour    |    34 |    21 ||    55
  Dodge: Dodged            |    76 |    29 ||   105
  Block: Other             |    13 |     8 ||    21

Table legend: (Time is in decaauts)
 A = Elapsed time spent in this place.
 B = Non-inter-level travel time spent in this place.
 C = Inter-level travel time spent in this place.
 D = Time resting spent in this place.
 E = Time spent auto-exploring this place.
 F = Levels seen in this place.
 G = Mean time per level.
                   A        B        C        D        E       F      G
               +--------+--------+--------+--------+--------+-----+--------+
         Total |   2415 |   2382 |     33 |     46 |   1849 |   3 |  805.0 |
       Dungeon |   2415 |   2382 |     33 |     46 |   1849 |   3 |  805.0 |
               +--------+--------+--------+--------+--------+-----+--------+

Top non-repeatable levels by time:
     D:1: 1445 daAuts
     D:2: 931 daAuts
     D:3: 38 daAuts
